 Dungeon Crawl Stone Soup version 0.25-a0-42-g6c54e25894 (webtiles) character file.

Game seed: 17722560295308714056, levelgen mode: deterministic

86 Esekla the Magician (level 4, -5/24 HPs)
             Began as a Deep Elf Wizard on Oct 23, 2019.
             Slain by a scorpion (7 damage)
             ... on level 4 of the Dungeon.
             The game lasted 00:14:09 (1490 turns).

Esekla the Magician (Deep Elf Wizard)               Turns: 1490, Time: 00:14:09

Health: -5/24      AC:  3    Str:  5    XL:     4   Next: 26%
Magic:  4/13       EV: 13    Int: 23    God:
Gold:   59         SH:  0    Dex: 13    Spells: 5/14 levels left

rFire    . . .     SeeInvis .   j - +0 short sword
rCold    . . .     Gourm    .   (no shield)
rNeg     . . .     Faith    .   a - +0 robe
rPois    .         Spirit   .   b - +1 hat
rElec    .         Reflect  .   (no cloak)
rCorr    .         Harm     .   (no gloves)
MR       .....     Rnd*Tele +   (no boots)
Stlth    ++........             (no amulet)
HPRegen  0.08/turn              l - ring of teleportation (curse)
MPRegen  0.13/turn              (no ring)

@: no status effects
A: no striking features
a: no special abilities


You were on level 4 of the Dungeon.
You were hungry.

You visited 1 branch of the dungeon, and saw 4 of its levels.

You collected 59 gold pieces.

Inventory:

Hand Weapons
 g - a +0 spear
 j - a +0 short sword (weapon)
Missiles
 c - 4 boomerangs
 i - 26 poisoned darts (quivered)
Armour
 a - a +0 robe (worn)
 b - a +1 hat (worn)
Jewellery
 k - a cursed amulet of inaccuracy {unknown}
 l - a cursed ring of teleportation (left hand)
Scrolls
 e - 2 scrolls of enchant armour
Potions
 f - 3 potions of curing {unknown}
 h - 2 potions of flight {unknown}
 m - a potion of berserk rage {unknown}
Comestibles
 d - 2 rations


   Skills:
 + Level 0.5 Throwing
 + Level 2.8 Dodging
 + Level 2.6 Stealth
 + Level 5.6 Spellcasting
 * Level 2.5 Conjurations
   Level 1.1 Summonings
 * Level 1.5 Translocations
 * Level 0.2 Air Magic
 * Level 0.2 Poison Magic


You had 5 spell levels left.
You knew the following spells:

 Your Spells              Type           Power        Failure   Level  Hunger
a - Magic Dart            Conj           ###.         3%          1    None
b - Blink                 Tloc           N/A          7%          2    None
c - Mephitic Cloud        Conj/Pois/Air  ##......     17%         3    #......
f - Conjure Flame         Conj/Fire      ##......     16%         3    #......

Your spell library contained the following spells:

 Spells                   Type           Power        Failure   Level  Hunger
 Call Imp                 Summ           ##......     9%          2    None
 Slow                     Hex            #.......     14%         2    None


Dungeon Overview and Level Annotations

Branches:
Dungeon (4/15)
 Temple: D:4-7

Altars:
The Shining One


Message History

m - a sapphire potion The frilled lizard bites you but does no damage.
The frilled lizard bites you but does no damage.
Found a stone staircase leading down.
The frilled lizard bites you.
* * * LOW HITPOINT WARNING * * *
Casting: Blink (safe; 7% risk of failure)
Confirm with . or Enter, or press ? or * to list all spells.
You blink.
Your magical contamination has completely faded away.
You open the door.
An ooze comes into view.
The ooze quivers.
The scorpion barely misses you.
There is an open door here.
The ooze hits you.
* * * LOW HITPOINT WARNING * * *
You open the door. The ooze hits you but does no damage.
The scorpion stings you!
You die...

# #### #. ##..# #.
#...# #..#...#
#..#...#
#.>...#..'...#
#.....# #@J.#
#.....#####s###
##+##..........O..#
#.............Ol..#
###.................#
....................#
........s...........#
.......#####....#####
.......# #....#


You could see an ogre, a scorpion, an ooze and a frilled lizard.

Vanquished Creatures
  2 adders
  3 gnolls (D:3)
  An ooze (D:1)
  A dart slug (D:1)
  2 leopard geckos (D:4)
  An orc (D:3)
  2 giant cockroaches
  4 goblins
  4 hobgoblins
  3 jackals (D:1)
  4 kobolds
  A quokka (D:3)
  A ball python (D:3)
  3 bats
  2 frilled lizards
  5 rats
39 creatures vanquished.

Notes
Turn   | Place    | Note
-------+----------+-------------------------------------------
     0 | D:1      | Esekla the Deep Elf Wizard began the quest for the Orb.
     0 | D:1      | Reached XP level 1. HP: 10/10 MP: 7/7
   398 | D:1      | Reached skill level 5 in Spellcasting
   398 | D:1      | Reached XP level 2. HP: 8/15 MP: 6/10
   405 | D:1      | Learned a level 2 spell: Blink
   852 | D:2      | Reached XP level 3. HP: 19/19 MP: 4/12
   861 | D:2      | Learned a level 3 spell: Mephitic Cloud
   865 | D:2      | Learned a level 3 spell: Conjure Flame
  1077 | D:2      | You fall into a shaft and drop 1 floor!
  1241 | D:3      | Reached XP level 4. HP: 24/24 MP: 6/13
  1289 | D:3      | Noticed an ice beast
  1321 | D:3      | Found a glowing golden altar of the Shining One.
  1456 | D:4      | Noticed an ogre
  1490 | D:4      | Slain by a scorpion

Levels and vault maps discovered:
D:1:      dpeg_arrival_shrine, layout_basic
D:2:      layout_rooms, first_ration, minmay_crystal_water
D:3:      layout_basic, marbit_many_paths, gup_sewer_entry_pipe
D:4:      layout_gridville, minivault_26, minmay_misc_feat_doors,
          lightli_corner_chamber

Skill      XL: |  1  2  3 |
---------------+----------+-----
Spellcasting   | 5 |  5.6
Conjurations   | 2 |  2.5
Throwing       | |  0.5
Dodging        | |  2.8
Stealth        | |  2.6
Summonings     | |  1.1
Translocations | |  1.5
Air Magic      | |  0.2
Poison Magic   | |  0.2

Action                   |  1- 3 |  4- 6 || total
-------------------------+-------+-------++-------
Melee: Dagger            |     2 |       ||     2
       Short sword       |     5 |    16 ||    21
       Spear             |     8 |     3 ||    11
Throw: Dart              |     9 |       ||     9
 Cast: Magic Dart        |    64 |    21 ||    85
       Blink             |     2 |     5 ||     7
       Conjure Flame     |     1 |     1 ||     2
       Mephitic Cloud    |     1 |       ||     1
  Use: Scroll            |     5 |       ||     5
 Stab: Sleeping          |     1 |     2 ||     3
  Eat: Chunk             |     1 |       ||     1
Armor: Robe              |     6 |    11 ||    17
Dodge: Dodged            |    18 |    38 ||    56

Table legend:
 A = Non-vault XP
 B = Vault XP
 C = Vault XP percentage of total XP
 D = Non-vault monster count
 E = Vault monster count
 F = Vault count percentage of total count
                 A         B        C        D         E       F
            +---------+---------+-------+---------+---------+-------
      Total |     122 |       1 |   0.8 |      38 |       1 |   2.6
            +---------+---------+-------+---------+---------+-------
        D:1 |      37 |       0 |   0.0 |      18 |       0 |   0.0
        D:2 |      19 |       0 |   0.0 |       4 |       0 |   0.0
        D:3 |      58 |       1 |   1.7 |      13 |       1 |   7.1
        D:4 |       8 |       0 |   0.0 |       3 |       0 |   0.0
            +---------+---------+-------+---------+---------+-------
